 Dungeon Crawl Stone Soup version 0.23.2-1-ga50397a (webtiles) character file.

Game seed: 9173417011284368138

118 doot the Slasher (level 4, -1/33 HPs)
             Began as a Vampire Gladiator on May 4, 2019.
             Slain by a crimson imp (3 damage)
             ... summoned by Natasha
             ... on level 3 of the Dungeon.
             The game lasted 00:02:24 (1778 turns).

doot the Slasher (Vampire Gladiator)                Turns: 1778, Time: 00:02:25

Health: -1/33      AC:  4    Str: 18    XL:     4   Next: 72%
Magic:  4/4        EV: 14    Int: 11    God:
Gold:   52         SH:  0    Dex: 15    Spells: 3/3 levels left

rFire    . . .     SeeInvis +   a - +0 long sword
rCold    . . .     Gourm    .   (no shield)
rNeg     + . .     Faith    .   b - +0 leather armour
rPois    .         Spirit   .   c - +0 helmet
rElec    .         Reflect  .   (no cloak)
rCorr    .         Harm     .   (no gloves)
MR       .....                  (no boots)
Stlth    +.........             (no amulet)
HPRegen  0.11/turn              (no ring)
MPRegen  0.09/turn              (no ring)

@: mighty, slowed, very slow
A: fangs 3, see invisible, unbreathing
a: Bat Form


You were on level 3 of the Dungeon.
You were not thirsty.

You visited 1 branch of the dungeon, and saw 3 of its levels.

You collected 52 gold pieces.

Inventory:

Hand Weapons
 a - a +0 long sword (weapon)
Missiles
 d - 2 throwing nets (quivered)
Armour
 b - a +0 leather armour (worn)
 c - a +0 helmet (worn)
Scrolls
 g - a scroll of teleportation {unknown}
 h - a scroll of noise {unknown}
 j - a scroll of magic mapping {unknown}
 k - a scroll of identify {unknown}
 l - a scroll of remove curse {unknown}
Potions
 e - 4 potions of blood
 i - a potion of ambrosia {unknown}


   Skills:
 + Level 2.2 Fighting
 + Level 4.4 Long Blades
 + Level 1.6 Throwing
 + Level 1.1 Armour
 + Level 3.9 Dodging
 + Level 0.8 Stealth


You had 3 spell levels left.
You didn't know any spells.
Your spell library was empty.

Dungeon Overview and Level Annotations

Branches:
Dungeon (3/15)

Altars:
Nemelex Xobeh
Qazlal
The Shining One

Annotations:
D:3 Natasha


Innate Abilities, Weirdness & Mutations

You have razor-sharp teeth.
You have supernaturally acute eyesight. (SInv)
You can survive without breathing.


Message History

Natasha is lightly wounded.
The crimson imp hits you.
Natasha mewls in sadness.
Natasha struggles against the net.
The net rips apart, and Natasha comes free!
You hit Natasha.
Natasha is lightly wounded.
The crimson imp barely misses you.
A jackal comes into view.
Natasha claws you. The crimson imp hits you.
The jackal barks!
Natasha mumbles some strange words.
You feel troubled. Natasha casts a spell at you. The magic dart hits you!
* * * LOW HITPOINT WARNING * * *
It was a potion of might.
You feel very mighty all of a sudden. The crimson imp hits you.
You die...

#.####.# #.!
#..<...# ##..
#####.)# ...
#####..### #..
#........# #..
#.###..#.# #.. #.#
#..#.#
#####..####.###..#.#
...h..5h@5.......#.#
..##...####.####.#.#
#...... #.#....#.#
#.##... #.#.####.# #
##.# #.#...##.# ..
#.###.##.# ...
#.###.##.# ...
#.....)..#
#####)####


You could see Natasha, 2 crimson imps and a jackal.

Vanquished Creatures
  A crimson imp (D:2)
  An orc priest (D:3)
  An ooze (D:3)
  A worm (D:2)
  2 leopard geckos
  2 orcs (D:3)
  4 bats
  A giant cockroach (D:1)
  2 goblins (D:1)
  6 hobgoblins
  8 jackals
  A ball python (D:1)
  2 frilled lizards (D:1)
  3 kobolds
  4 rats
39 creatures vanquished.

Notes
Turn   | Place    | Note
-------+----------+-------------------------------------------
     0 | D:1      | doot the Vampire Gladiator began the quest for the Orb.
     0 | D:1      | Reached XP level 1. HP: 16/16 MP: 1/1
    81 | D:1      | Reached XP level 2. HP: 12/22 MP: 2/2
  1050 | D:2      | Reached XP level 3. HP: 27/27 MP: 3/3
  1338 | D:2      | Reached skill level 4 in Long Blades
  1338 | D:2      | Reached XP level 4. HP: 27/33 MP: 4/4
  1436 | D:2      | Found a stormy altar of Qazlal.
  1438 | D:2      | Reached skill level 1 in Armour
  1441 | D:2      | Found a glowing golden altar of the Shining One.
  1444 | D:2      | Found a sparkling altar of Nemelex Xobeh.
  1764 | D:3      | Noticed Natasha
  1778 | D:3      | Slain by a crimson imp

Skill      XL: |  1  2  3  4 |
---------------+-------------+-----
Fighting       | 2 |  2.2
Long Blades    | 4 |  4.4
Armour         | 1 |  1.1
Throwing       | |  1.6
Dodging        | |  3.9
Stealth        | |  0.8

Action                   |  1- 3 |  4- 6 || total
-------------------------+-------+-------++-------
Melee: Long sword        |    85 |    35 ||   120
       Bite              |    12 |     5 ||    17
Throw: Throwing net      |       |     1 ||     1
  Use: Potion            |     1 |     4 ||     5
 Stab: Held in net/web   |       |     1 ||     1
       Sleeping          |       |     1 ||     1
Armor: Leather armour    |    29 |     5 ||    34
Dodge: Dodged            |    60 |    24 ||    84
       Rpst.: Long sword |    17 |    10 ||    27
